 Dungeon Crawl Stone Soup version 0.30-a0-956-gcec3b41aec (webtiles) character file.

Game seed: 16467022524561590716

57428 Turgor the Summoner (level 14, -4/102 HPs)
             Began as a Felid Summoner on Mar 17, 2023.
             Was an Initiate of Gozag.
             Succumbed to barbed spike wounds
             ... on level 2 of the Shoals on Mar 29, 2023.
             The game lasted 04:20:40 (38098 turns).

Turgor the Summoner (Felid Summoner)               Turns: 38098, Time: 04:20:41

Health: -4/102     AC:  7    Str:  4    XL:     14   Next: 45%
Magic:  11/30      EV: 24    Int: 29    God:    Gozag
Gold:   852        SH:  5    Dex: 18    Spells: 2/36 levels left
                                        Lives:  0   Deaths: 2

rFire   + . .      SeeInvis +      - Unarmed
rCold   + + .      Faith    .    (shield unavailable)
rNeg    . . .      Spirit   .    (body armour unavailable)
rPois   +          Reflect  +    (helmet unavailable)
rElec   +          Rampage  .    (cloak unavailable)
rCorr   +                        (gloves unavailable)
Will    ++...                    (boots unavailable) Stlth
                                 n - amulet of reflection
HPRegen 0.37/turn                x - ring of Peace {rPois rCorr Int+6}
MPRegen 0.22/turn                t - +4 ring of protection

@: berserking (expiring), resistant, spiked, forested, quick
A: very small, claws 1, fangs 3, see invisible, speed 1, shaggy fur 3, stealthy
paws, no weapons or thrown items, no armour, multi-lived
a: Renounce Religion, Potion Petition, Call Merchant, Bribe Branch


You were on level 2 of the Shoals.
You worshipped Gozag.
Gozag was pleased with you.
You visited 5 branches of the dungeon, and saw 25 of its levels.
You visited 1 bazaar.
You also visited: Volcano.

You collected 8272 gold pieces.
You spent 1686 gold pieces at shops.
You paid 5734 gold pieces to Gozag.

Inventory:

Jewellery
 n - an amulet of reflection (around neck)
 r - a ring of willpower
 s - an amulet of regeneration
 t - a +4 ring of protection (right paw)
 w - a ring of protection from fire
 x - the ring of Peace (left paw) {rPois rCorr Int+6}
   (You acquired it on level 7 of the Dungeon)

   [ring of intelligence]

   Int:       It affects your intelligence (+6).
   rPois:     It protects you from poison.
   rCorr:     It protects you from acid and corrosion.
Wands
 m - a wand of digging (4)
 q - a wand of polymorph (15)
 z - a wand of flame (21)
 A - a wand of roots (8)
 C - a wand of mindburst (3)
 I - a wand of light (4)
Scrolls
 e - 6 scrolls of teleportation
 f - 5 scrolls of vulnerability
 g - 2 scrolls of immolation
 h - a scroll of torment
 i - a scroll of silence
 k - 2 scrolls of magic mapping
 u - a scroll of amnesia
 y - 5 scrolls of butterflies
 D - 10 scrolls of identify
 K - a scroll of poison
 L - 2 scrolls of fear
Potions
 a - 2 potions of magic
 b - 7 potions of brilliance
 c - 7 potions of curing
 j - 3 potions of mutation
 l - 4 potions of haste
 o - 7 potions of attraction
 B - 2 potions of flight
 H - 2 potions of might
Miscellaneous
 E - a piece from Xom's chessboard (15/15)
 J - a phantom mirror


   Skills:
 + Level 11.8 Fighting
 + Level 10.0 Dodging
 + Level 7.7 Stealth
 + Level 10.0 Unarmed Combat
 + Level 11.6 Spellcasting
 - Level 9.0 Hexes
 - Level 13.0 Summonings
 * Level 5.7 Necromancy
 - Level 9.0 Translocations
 - Level 8.5 Transmutations
 - Level 9.0 Air Magic
 + Level 7.9 Evocations


You had 2 spell levels left.
You knew the following spells:

 Your Spells              Type           Power      Damage    Failure   Level
a - Summon Small Mammal   Summ           100%       N/A       0%          1
b - Call Imp              Summ           75%        N/A       1%          2
c - Call Canine Familiar  Summ           75%        N/A       1%          3
d - Summon Guardian Gole  Hex/Summ       69%        N/A       1%          3
e - Summon Lightning Spi  Summ/Air       69%        N/A       1%          4
f - Wereblood             Tmut           61%        N/A       1%          2
g - Summon Forest         Summ/Tloc      34%        N/A       1%          5
h - Blink                 Tloc           100%       N/A       1%          2
i - Summon Mana Viper     Hex/Summ       69%        N/A       1%          5
j - Haunt                 Necr/Summ      31%        N/A       50%         7

Your spell library contained the following spells:

 Spells                   Type           Power      Damage    Failure   Level
 Apportation              Tloc           100%       N/A       1%          1
 Necrotise                Necr           100%       1d9       1%          1
 Lesser Beckoning         Tloc           100%       N/A       1%          2
 Momentum Strike          Conj/Tloc      84%        3d10      1%          2
 Sublimation of Blood     Necr           50%        N/A       1%          2
 Freeze                   Ice            64%        1d7       3%          1
 Magic Dart               Conj           64%        1d6       3%          1
 Searing Ray              Conj           32%        2d5       4%          2
 Dazzling Flash           Conj/Hex       84%        N/A       1%          3
 Inner Flame              Hex/Fire       42%        N/A       1%          3
 Vhi's Electric Charge    Tloc/Air       100%       N/A       1%          3
 Manifold Assault         Tloc           62%        N/A       1%          4
 Summon Ice Beast         Ice/Summ       53%        N/A       2%          4
 Summon Cactus Giant      Summ           37%        N/A       2%          6
 Fulminant Prism          Conj/Hex       21%        3d12      4%          4
 Ice Form                 Ice/Tmut       41%        N/A       5%          4
 Petrify                  Tmut/Erth      41%        N/A       5%          4
 Frozen Ramparts          Ice            32%        1d5       10%         3
 Hailstorm                Conj/Ice       16%        3d6       10%         3
 Stone Arrow              Conj/Erth      32%        3d9       10%         3
 Summon Hydra             Summ           37%        N/A       13%         7
 Arcjolt                  Conj/Air       21%        1d31      14%         5
 Irradiate                Conj/Tmut      20%        3d18      16%         5
 Borgnjor's Vile Clutch   Necr/Erth      16%        N/A       26%         5
 Flame Wave               Conj/Fire      16%        2d7       32%         4
 Sticky Flame             Conj/Fire      16%        2d4       32%         4
 Death Channel            Necr           25%        N/A       43%         6
 Eringya's Noxious Bog    Tmut/Pois      20%        N/A       63%         6
 Iron Shot                Conj/Erth      8%         9d3       99%         6
 Disjunction              Tloc           31%        N/A       99%         8
 Infestation              Necr           25%        N/A       100%        8
 Lehudib's Crystal Spear  Conj/Erth      8%         10d3      100%        8
 Animate Armour           Summ/Erth      Unusable   N/A       N/A         4
 Animate Dead             Necr           Unusable   N/A       N/A         4

Dungeon Overview and Level Annotations

Branches:
Dungeon (14/15)            Temple (1/1) D:4            Lair (5/5) D:9
 Shoals (3/4) Lair:2       Spider (0/4) Lair:2        Slime (0/5) Lair:5
    Orc (2/2) D:9             Elf (0/3) Orc:2        Vaults (0/5) D:14
Volcano (visited)

Altars:
Ashenzari
Cheibriados
Dithmenos
Elyvilon
Fedhas
Gozag
Hepliaklqana
Kikubaaqudgha
Makhleb
Nemelex Xobeh
Okawaru
Qazlal
Ru
Sif Muna
Trog
Uskayaw
Vehumet
Wu Jian
Xom
Yredelemnul
Zin
The Shining One

Shops:
D:1 !   D:7 ?   Orc:2 *(=   Lair:1 ?=**:

Annotations:
D:2 Natasha
D:3 1 runed translucent door, Crazy Yiuf
Lair:2 2 transporters
Shoals:2 Mlioglotl, Polyphemus
Shoals:3 Donald


Innate Abilities, Weirdness & Mutations

You have sharp claws.
You have razor-sharp teeth.
You have supernaturally acute eyesight. (SInv)
You cover ground quickly. (Speed+)
Your thick and shaggy fur keeps you warm. (AC +3, rC+)
Your paws help you pounce on unaware monsters.
You are incapable of wielding weapons or throwing items.
You cannot wear armour.
You gain extra lives every three experience levels.


Message History

Found 18 gold pieces and 9 stones.
The death yak bellows! x2; The merfolk aquamancer shouts!
The merfolk shouts!
You hear a bellow!
The merfolk throws a silver boomerang.
The silver boomerang misses you.
Unknown command.
You are too berserk!
You are too berserk!
Okay, then.
The barbs in your skin will harm you if you move.
Continue?
Okay, then.
Unknown command.
Unknown command.
You are too berserk!
Unknown command.
The barbs in your skin will harm you if you move.
Continue?
Polyphemus and a catoblepas come into view.
The barbed spikes dig painfully into your body as you move.
* * * LOW HITPOINT WARNING * * *
Polyphemus shouts, "Attack, my pets!
Attack!"
The catoblepas bellows!
Unknown command.
Unknown command.
The barbed spikes dig painfully into your body as you move.
* * * LOW HITPOINT WARNING * * *
You feel a strong urge to attack something.
The merfolk aquamancer points at you and mumbles some strange words.
The ball of steam hits you! You resist.
* * * LOW HITPOINT WARNING * * *
You see here 9 stones.
Unknown command.
The barbed spikes dig painfully into your body as you move.
* * * LOW HITPOINT WARNING * * *
The merfolk hits you from afar with a +0 trident.
* * * LOW HITPOINT WARNING * * *
Unknown command.
You enter the shallow water.
Moving in this stuff is going to be slow.
The barbed spikes dig painfully into your body as you move.
You die...
Your body crumbles into a pile of gold.

.... ~~≈≈ .....#
...~≈ ......####
...~~≈
......#..###....~≈
...C........E...~≈
..~Y..Y$...m...~~≈
.~~~.Y.§.§§.E~~~~≈
~~~~§~§§.§..~~~~≈≈
~≈≈≈~~§@§§m~~~≈≈≈≈
≈≈≈≈§§§≈~~~~≈≈≈≈≈≈
≈≈≈≈≈≈≈≈≈≈≈≈≈≈≈≈≈≈
≈≈≈≈≈≈≈≈≈≈≈≈≈≈≈≈≈
≈≈≈≈≈≈≈≈≈≈≈≈≈≈≈≈≈
≈≈≈≈≈≈≈≈≈≈≈≈≈≈≈≈≈
≈≈≈≈≈≈≈≈≈≈≈≈≈≈≈≈
≈≈≈≈≈≈≈≈≈≈≈≈≈≈≈


You could see Polyphemus, 2 death yaks, a catoblepas, a merfolk aquamancer and 2
water elementals.

Vanquished Creatures
  An elemental wellspring (Shoals:1)
  2 centaur warriors
  A death yak (Lair:4)
  A skeletal warrior (Volcano)
  A deep elf pyromancer (D:14)
  A necromancer (D:13)
  3 harpies (Shoals:1)
  A black mamba (Lair:2)
  A centaur skeleton (D:13)
  A cane toad (Lair:5)
  An efreet (D:14)
  2 wind drakes (Shoals:2)
  2 blink frogs (Lair:5)
  2 yaks (Lair:5)
  A bullfrog (Lair:2)
  An orc wizard (D:8)
  2 bats
  An endoplasm (D:4)
  A goblin (D:4)
  A quokka (D:1)
  A frilled lizard (D:1)
  A kobold (D:3)
29 creatures vanquished.

Vanquished Creatures (collateral kills)
  Jorgrun (Shoals:2)
  An ironbound preserver (D:14)
  An orc warlord (Orc:2)
  2 elemental wellsprings (Shoals:1)
  The ghost of PaleRider the Blocker, a journeyman VSFi of Uskayaw (Orc:1)
  2 merfolk impalers
  A fire dragon (D:14)
  Erolcha (Orc:2)
  4 hydras
  A death knight (D:13)
  3 two-headed ogres
  3 boulder beetles
  A satyr (Shoals:2)
  3 centaur warriors
  4 death yaks (Lair:4)
  2 orc high priests (Orc:2)
  Nergalle (Orc:1)
  2 skeletal warriors
  4 sea snakes
  2 skysharks
  A goliath frog (Lair:5)
  A sea snake (shapeshifter) (D:14)
  3 anaconda skeletons (Volcano)
  7 harpies
  A wizard (D:14)
  Pikel (D:8)
  4 deep elf pyromancers
  An orc sorcerer (Orc:2)
  4 orc knights (Orc:2)
  A wolf spider zombie (D:13)
  A necromancer (D:13)
  An ugly thing (D:13)
  14 fauns
  7 manticores
  3 cyclopes (D:11)
  6 merfolk sirens
  5 elephants (Lair:2)
  5 black mambas
  8 centaur zombies (D:13)
  3 water nymphs
  A gargoyle (D:12)
  16 cane toads
  6 centaur skeletons (D:13)
  9 komodo dragons
  4 rime drakes
  A wind drake (Shoals:1)
  8 trolls
  A meliai (shapeshifter) (D:13)
  5 merfolk
  6 polar bears
  A snapping turtle (Shoals:2)
  2 tyrant leeches (Lair:5)
  A blink frog (shapeshifter) (D:13)
  33 blink frogs
  A centaur simulacrum (D:12)
  7 slime creatures
  6 flying skulls
  5 shadows
  A vampire (D:9)
  5 wraiths
  6 wyverns
  61 yaks
  3 fire bats (Lair:2)
  2 basilisks
  A steam dragon (D:9)
  9 vampire mosquitoes
  3 wargs (Orc:2)
  3 acid dragons (D:11)
  15 water moccasins
  A nameless horror (D:8)
  30 orc warriors
  2 sky beasts
  An ice beast (D:8)
  A boggart (D:14)
  6 ogres
  A centaur (D:9)
  8 wolves
  A phantom (D:7)
  2 kobold brigands
  2 necrophages
  12 bullfrogs
  2 gnoll sergeants
  7 scorpions
  3 wights (D:13)
  An electric eel (Lair:5)
  2 troll skeletons (Volcano)
  6 hounds
  A gnoll bouda (D:7)
  5 jellies
  12 orc priests
  A boggart zombie (D:13)
  A sleepcap (D:7)
  4 iguanas
  15 orc wizards
  A boggart skeleton (D:13)
  14 gnolls
  9 adders
  A shadow imp (D:7)
  3 white imps
  An ufetubus (D:5)
  4 worms
  52 orcs
  6 endoplasms
  3 giant cockroaches
  7 goblins
  4 hobgoblins
  13 kobolds
  5 quokkas
  7 ball pythons
  8 bats
  3 frilled lizards
  2 rats (D:2)
609 creatures vanquished.

Vanquished Creatures (others)
  The ghost of Ojus the Cleaver, a journeyman AtFi of Gozag (Lair:2)
  A merfolk impaler (Shoals:2)
  The ghost of Resasar the Grappler, a journeyman NaTm of Cheibriados (Lair:2)
  A two-headed ogre (D:11)
  An orc high priest (Orc:1)
  A death yak (Lair:4)
  3 skeletal warriors
  A skyshark (Shoals:2)
  A harpy (Lair:2)
  3 slime creatures
  4 fauns (Shoals:1)
  3 elephants (Lair:2)
  3 gargoyles (Volcano)
  A cane toad (Lair:5)
  3 komodo dragons
  A queen bee (shapeshifter) (D:14)
  2 trolls
  A merfolk (Shoals:2)
  A tyrant leech (Lair:5)
  Prince Ribbit (D:9)
  A hornet (D:9)
  2 blink frogs (Lair:3)
  A wraith (D:9)
  5 yaks
  5 vampire mosquitoes
  An acid dragon (D:12)
  An ogre (D:9)
  An orc warrior (D:9)
  A swamp drake (D:9)
  A wolf (Lair:2)
  2 lemures (D:8)
  A gnoll sergeant (D:10)
  3 orc priests
  2 orc wizards (D:9)
  A gnoll (D:7)
  6 orcs
  2 kobolds (D:10)
  93 fungi
  118 plants
  24 snaplasher vines
  10 withered plants
315 creatures vanquished.

Grand Total: 953 creatures vanquished

Notes
Turn   | Place    | Note
-------+----------+-------------------------------------------
     0 | D:1      | Turgor the Felid Summoner began the quest for the Orb.
     0 | D:1      | Reached XP level 1. HP: 7/7 MP: 4/4
     3 | D:1      | Found Hapecoas's Distillery.
   294 | D:1      | Found Jiceix's Assorted Antiques.
   335 | D:1      | Found a faded altar of an unknown god.
   405 | D:1      | Reached XP level 2. HP: 11/11 MP: 3/6
   412 | D:1      | Learned a level 2 spell: Call Imp
   964 | D:1      | Bought a potion of curing for 33 gold pieces
  1005 | D:2      | Reached XP level 3. HP: 14/14 MP: 2/7
  1123 | D:2      | Learned a level 3 spell: Call Canine Familiar
  1749 | D:2      | Reached skill level 1 in Fighting
  1878 | D:2      | Noticed Natasha
  1980 | D:1      | Bought a potion of heal wounds for 55 gold pieces
  1980 | D:1      | Bought a potion of attraction for 33 gold pieces
  2119 | D:2      | Reached XP level 4. HP: 19/19 MP: 1/9
  2554 | D:2      | Learned a level 3 spell: Summon Guardian Golem
  2714 | D:3      | Reached skill level 1 in Hexes
  3015 | D:3      | Reached XP level 5. HP: 22/22 MP: 0/10
  3025 | D:3      | Reached skill level 5 in Summonings
  3194 | D:3      | Found a runed translucent door.
  3195 | D:3      | Noticed Crazy Yiuf
  3218 | D:3      | You fall into a shaft and drop 3 floors!
  3226 | D:5      | Entered Level 5 of the Dungeon
  3342 | D:5      | Noticed a centaur
  3628 | D:4      | Found a basalt altar of Yredelemnul.
  3640 | D:4      | Found a blossoming altar of Fedhas.
  3846 | D:4      | Found a staircase to the Ecumenical Temple.
  3873 | Temple   | Entered the Ecumenical Temple
  4131 | Temple   | Upgraded the game from 0.30-a0-782-ge64f9170bb to
                  | 0.30-a0-953-g5f1da4a474
  4590 | D:5      | Found an opulent altar of Gozag.
  4601 | D:5      | Became a worshipper of Gozag Ym Sagoz the Greedy
  4711 | D:5      | Gained mutation: You are covered in thick fur. (AC +2)
                  | [Felid growth]
  4711 | D:5      | Reached XP level 6. HP: 26/26 MP: 5/12
  4818 | D:5      | Noticed a water moccasin
  4844 | D:5      | Killed a water moccasin
  4930 | D:5      | Found an iron altar of Okawaru.
  5278 | D:5      | Reached XP level 7. HP: 30/30 MP: 7/13
  5355 | D:5      | Reached skill level 5 in Hexes
  5355 | D:5      | Reached skill level 6 in Summonings
  5360 | D:5      | Learned a level 4 spell: Summon Lightning Spire
  5600 | D:5      | Reached skill level 1 in Air Magic
  5656 | D:5      | Noticed a wyvern
  5729 | D:5      | Killed a wyvern
  6049 | D:5      | Reached XP level 8. HP: 34/34 MP: 3/15
  7143 | D:6      | Identified the +1 ring mail "Asaubla" {rPois rC++ rN+
                  | Will-}
  8047 | D:6      | Learned a level 2 spell: Wereblood
  8048 | D:7      | Found Tocyhiffen's Magic Scroll Shoppe.
  8174 | D:7      | Bought a scroll of fog for 52 gold pieces
  8174 | D:7      | Bought a scroll of fear for 52 gold pieces
  8174 | D:7      | Bought a scroll of identify for 26 gold pieces
  8174 | D:7      | Bought a scroll of identify for 26 gold pieces
  8174 | D:7      | Bought a scroll of identify for 26 gold pieces
  8205 | D:7      | Reached skill level 7 in Summonings
  8353 | D:7      | Reached skill level 5 in Spellcasting
  8516 | D:7      | Found a bloodstained altar of Trog.
  8548 | D:7      | Reached XP level 9. HP: 27/39 MP: 2/17
  8722 | D:7      | Found a sacrificial altar of Ru.
  9350 | D:8      | Reached skill level 5 in Air Magic
  9756 | D:8      | Noticed Pikel
  9761 | D:8      | Killed Pikel
  9762 | D:8      | Reached skill level 5 in Fighting
  9762 | D:8      | Reached skill level 5 in Stealth
  9762 | D:8      | Reached skill level 8 in Summonings
  9854 | D:8      | Noticed a two-headed ogre
  9942 | D:8      | Reached skill level 5 in Dodging
 10070 | D:8      | Killed a two-headed ogre
 10071 | D:8      | Reached XP level 10. HP: 44/44 MP: 6/19
 10381 | D:8      | Noticed a deep elf pyromancer
 10489 | D:8      | Killed a deep elf pyromancer
 10490 | D:8      | Reached skill level 9 in Summonings
 11787 | D:9      | Found a staircase to the Orcish Mines.
 11824 | D:9      | Reached skill level 1 in Unarmed Combat
 12064 | D:9      | Found a staircase to the Lair.
 12296 | D:9      | Noticed Prince Ribbit
 12309 | D:9      | Killed Prince Ribbit
 12509 | D:9      | Found a shimmering altar of Xom.
 13038 | D:9      | Found a glowing golden altar of the Shining One.
 13070 | D:10     | Entered Level 10 of the Dungeon
 13922 | D:11     | Noticed a manticore
 13983 | Lair:1   | Entered Level 1 of the Lair of Beasts
 14002 | Lair:1   | Reached XP level 11. HP: 14/50 MP: 10/22
 15773 | Lair:2   | Found a dark tunnel.
 15785 | Volcano  | Entered a volcano
 15808 | Volcano  | Reached skill level 10 in Summonings
 16003 | Volcano  | Noticed a skeletal warrior
 16003 | Volcano  | Noticed a skeletal warrior
 16033 | Volcano  | Killed a skeletal warrior
 16042 | Volcano  | Killed a skeletal warrior
 16504 | Volcano  | Gained mutation: Your thick and shaggy fur keeps you warm.
                  | (AC +3, rC+) [Felid growth]
 16504 | Volcano  | Reached XP level 12. HP: 40/55 MP: 21/24
 16640 | Lair:2   | Found a staircase to the Shoals.
 16988 | Lair:2   | Learned a level 5 spell: Summon Forest
 17058 | Lair:2   | Found a runed translucent gate.
 17059 | Lair:2   | Found a runed translucent gate.
 17060 | Lair:2   | Found a runed translucent gate.
 17062 | Lair:2   | Noticed Resasar's ghost (journeyman NaTm)
 17063 | Lair:2   | Noticed Ojus's ghost (journeyman AtFi)
 17083 | Lair:2   | Found a transporter.
 17083 | Lair:2   | Noticed a boulder beetle
 17084 | Lair:2   | Found a transporter.
 17084 | Lair:2   | Noticed a boulder beetle
 17102 | Lair:2   | Reached skill level 1 in Translocations
 17455 | Lair:2   | Reached skill level 11 in Summonings
 17689 | Lair:2   | Found a hole to the Spider Nest.
 18237 | Lair:2   | Killed Resasar's ghost
 18237 | Lair:2   | Killed Ojus's ghost
 18238 | Lair:2   | Reached skill level 5 in Translocations
 18394 | Lair:2   | Learned a level 2 spell: Blink
 18867 | Lair:3   | Reached skill level 12 in Summonings
 19400 | Lair:3   | Reached XP level 13. HP: 58/58 MP: 7/26
 19524 | Lair:3   | Reached skill level 5 in Unarmed Combat
 19867 | Lair:3   | Found the +9 sword of Power {lifebolt}
 21174 | Lair:4   | You fall into a shaft and drop 1 floor!
 21174 | Lair:5   | Entered Level 5 of the Lair of Beasts
 22253 | Lair:1   | Bought a potion of brilliance for 48 gold pieces
 22255 | Lair:1   | Bought a book of the Wilderness for 418 gold pieces
 22261 | Lair:1   | Learned a level 5 spell: Summon Mana Viper
 22334 | D:7      | Bought a scroll of acquirement for 676 gold pieces
 22334 | D:7      | Acquired the ring of Peace {rPois rCorr Int+6}
 22422 | Orc:1    | Entered Level 1 of the Orcish Mines
 22446 | Orc:1    | Noticed Nergalle
 22939 | Lair:5   | Reached skill level 1 in Evocations
 23215 | Lair:5   | Reached XP level 14. HP: 64/64 MP: 1/28
 23782 | Lair:5   | Reached skill level 13 in Summonings
 23974 | Lair:5   | Identified the +3 leather armour "Gumuig" {rPois Str+4
                  | Dex+2}
 24133 | Lair:5   | Acquired the Folio of Topology and Bolts
 24148 | Lair:5   | Reached skill level 10 in Spellcasting
 24323 | Lair:5   | Found a staircase to the Slime Pits.
 24374 | Lair:5   | Upgraded the game from 0.30-a0-953-g5f1da4a474 to
                  | 0.30-a0-956-gcec3b41aec
 24446 | Lair:5   | Reached skill level 1 in Transmutations
 24654 | Lair:5   | Reached skill level 10 in Fighting
 25378 | Orc:1    | Killed Nergalle
 25556 | Orc:1    | Found a runed translucent door.
 25557 | Orc:1    | Noticed PaleRider's ghost (journeyman VSFi)
 25619 | Orc:1    | Killed PaleRider's ghost
 25832 | Orc:2    | Entered Level 2 of the Orcish Mines
 25832 | Orc:2    | Noticed Erolcha
 25841 | Orc:2    | Killed Erolcha
 26221 | Orc:2    | Found Kouciol's Antique Weapon Shop.
 26268 | Orc:2    | Found Uloutuah's Antique Armour Emporium.
 26277 | Orc:2    | Noticed an orc warlord
 26288 | Orc:2    | Killed an orc warlord
 26518 | Orc:2    | Found Biefif's Jewellery Emporium.
 27158 | Orc:2    | Found Kiuruc's General Store.
 27352 | Orc:2    | Found a staircase to the Elven Halls.
 27847 | D:11     | Reached skill level 5 in Transmutations
 27954 | D:11     | Reached skill level 5 in Evocations
 29139 | D:11     | Found an ancient bone altar of Kikubaaqudgha.
 29824 | D:12     | Reached XP level 15. HP: 70/70 MP: 13/30
 31010 | D:13     | Found a gateway to a bazaar.
 32315 | D:13     | Learned a level 7 spell: Haunt
 32341 | Bazaar   | Entered a bazaar
 32345 | Bazaar   | Found Jevamefi's Jewellery Boutique.
 32364 | Bazaar   | Found Ticikuum's Antique Armour Emporium.
 32381 | Bazaar   | Found Woyrieve's Assorted Antiques.
 32386 | Bazaar   | Bought a scroll of blinking for 157 gold pieces
 32386 | Bazaar   | Bought a scroll of fear for 84 gold pieces
 32398 | Bazaar   | Found Ebeubugu's Antique Armour Shoppe.
 32472 | D:14     | Reached skill level 1 in Necromancy
 33244 | D:14     | Found a gate to the Vaults.
 34077 | Shoals:1 | Entered Level 1 of the Shoals
 35597 | Shoals:1 | Reached XP level 16. HP: 75/75 MP: 26/32
 36673 | Shoals:1 | Killed from afar by an elemental wellspring
 36674 | Shoals:1 | Reached XP level 15. HP: -5/72 MP: 22/31
 36932 | Shoals:2 | Noticed Jorgrun
 36944 | Shoals:2 | Killed Jorgrun
 36945 | Shoals:2 | Reached skill level 5 in Necromancy
 37357 | Shoals:2 | Shot with an arrow by a satyr
 37358 | Shoals:2 | Reached XP level 14. HP: -11/68 MP: 20/30
 37696 | Shoals:2 | Reached skill level 10 in Dodging
 37747 | Shoals:2 | Noticed Mlioglotl
 37914 | Shoals:2 | You fall into a shaft and drop 1 floor!
 37917 | Shoals:3 | Noticed Donald
 38069 | Shoals:2 | Reached skill level 10 in Unarmed Combat
 38095 | Shoals:2 | Noticed Polyphemus
 38097 | Shoals:2 | HP: 4/102 [merfolk/+0 trident[a merfolk aquamancer] (3)]
 38098 | Shoals:2 | Succumbed to barbed spike wounds

Illustrated notes

Levels and vault maps discovered:
D:1:      doesnt_arrival_eight_statues, layout_basic,
          shapermc_ecumenical_altar_flowoftime, serial_shops, shop,
          nicolae_shop_hallway_stairs, minmay_misc_feat_rugged,
          nicolae_grassy_gnolls
D:2:      layout_basic, uniq_natasha
D:3:      layout_basic, kennysheep_small_spiral, kennysheep_jessica_study,
          uniq_jessica, uniq_robin, uniq_crazy_yiuf_cottage
D:4:      layout_rooms, mainiacjoe_overflow_catwalk_spiral,
          minmay_temple_entry_fiery, cheibrodos_sewer_entry_bend
D:5:      minmay_thick_lines, layout_loops_ring, kennysheep_mini_moat,
          nicolae_gozag_seed_capital
D:6:      layout_layer_cave, minivault_14, kennysheep_crisscross,
          kennysheep_another_room
D:7:      old_forge, layout_cave_pools, bloody_trog,
          nicolae_ru_sacrificial_ziggurat, serial_shops, shop_scrolls
D:8:      layout_cave_pools, uniq_pikel
D:9:      layout_basic, lemuel_coloured_pillars_altar, xom_teletrap_fun,
          david_lair_shrubbed, erik_orc_1, uniq_prince_ribbit1
D:10:     layout_rooms, nrook_loot_triangle, nrook_uturn,
          kennysheep_generic_room_16
D:11:     layout_loops_corners, kiku_gazebo_pond_becter
D:12:     layout_long_grid
D:13:     hangedman_screamer, layout_cave_pools, serial_shops, bzr_entry_islet
D:14:     layout_rooms, skrybe_vaults_entry_preservation
Temple:   minmay_temple_curvy_branch
Lair:1:   layout_layer_cave, chequers_serial_rivers_small_a, grunt_megastairs_4,
          lemuel_fruit_tree
Lair:2:   gammafunk_boulding_lane, layout_small_grid,
          nicolae_shoals_entry_roost, spider_nest_entry_web_field,
          gammafunk_ghost_cemetery, nicolae_volcano_entry_batcave, minivault_26
Lair:3:   layout_cave_pods, nzn_sisyphean_effort
Lair:4:   layout_regular_city, dreamdust_mushroom_princess
Lair:5:   minmay_lair_end_frog_pond, layout_regular_city,
          minmay_slime_entry_pillars
Shoals:1: layout_shoals, nicolae_shoals_spring_well_temple
Shoals:2: layout_shoals, uniq_polyphemus, uniq_jorgrun, uniq_mlioglotl
Shoals:3: layout_shoals, uniq_ilsuiw, uniq_donald
Orc:1:    layout_caves, ebering_ghost_inner_flame, uniq_nergalle
Orc:2:    grunt_orc_gardens, layout_caves, grunt_orc_garden, grunt_orc_garden,
          grunt_orc_garden, grunt_orc_garden, uniq_erolcha

Skill      XL: |  1  2  3  4  5  6  7  8  9 10 11 12 13 14 15 16 |
---------------+-------------------------------------------------+-----
Stealth        | 3 5 6 7 |  7.7
Dodging        | 3 5 6 8 9 10 | 10.0
Fighting       | 1 2 3 4 5 7 8 9 10 11 | 11.8
Spellcasting   | 3 4 5 6 7 8 9 10 11 | 11.6
Hexes          | 1 3 4 6 7 9 |  9.0
Summonings     | 5 6 7 8 9 10 12 13 | 13.0
Air Magic      | 2 4 6 8 9 |  9.0
Unarmed Combat | 2 4 7 10 9 | 10.0
Translocations | 8 9 |  9.0
Evocations     | 1 5 7 |  7.9
Transmutations | 6 8 |  8.5
Necromancy     | 5 |  5.7

Action                     |  1- 3 |  4- 6 |  7- 9 | 10-12 | 13-15 | 16-18 || total
---------------------------+-------+-------+-------+-------+-------+-------++-------
  Melee: Unarmed           |    32 |    15 |    40 |    47 |   105 |    10 ||   249
         Bite              |     4 |       |     7 |     8 |    18 |     1 ||    38
         Punch             |       |       |     1 |     4 |    11 |       ||    16
   Cast: Summon Small Mamm |    71 |    73 |    64 |    24 |     6 |       ||   238
         Call Imp          |    18 |    27 |    25 |    19 |    37 |     3 ||   129
         Call Canine Famil |       |     7 |    45 |    62 |   105 |     7 ||   226
         Summon Guardian G |       |       |    25 |    69 |   110 |     8 ||   212
         Summon Lightning  |       |       |    10 |    67 |   101 |     7 ||   185
         Summon Forest     |       |       |       |     5 |   138 |     9 ||   152
         Blink             |       |       |       |     2 |     1 |     1 ||     4
         Summon Mana Viper |       |       |       |       |    49 |     8 ||    57
 Invoke: Call Merchant     |       |       |       |       |     5 |       ||     5
         Potion Petition   |       |       |       |       |     2 |     2 ||     4
  Evoke: Wand              |     1 |       |     2 |     7 |    25 |     2 ||    37
         Phantom mirror    |       |       |       |       |     1 |       ||     1
    Use: Scroll            |     2 |     6 |     7 |     4 |    19 |       ||    38
         Potion            |       |       |     1 |     5 |    13 |       ||    19
   Stab: Distracted        |     1 |       |       |       |     4 |       ||     5
         Sleeping          |       |       |     1 |       |       |       ||     1
 Armour: Skin              |       |       |     8 |     5 |    17 |     2 ||    32
  Dodge: Dodged            |    19 |    27 |    41 |    73 |   188 |    13 ||   361
  Block: Other             |       |       |       |       |    39 |     4 ||    43
         Reflection        |       |       |       |       |     9 |       ||     9

Table legend: (Time is in decaauts)
 A = Elapsed time spent in this place.
 B = Non-inter-level travel time spent in this place.
 C = Inter-level travel time spent in this place.
 D = Time resting spent in this place.
 E = Time spent auto-exploring this place.
 F = Levels seen in this place.
 G = Mean time per level.
                   A        B        C        D        E       F      G
               +--------+--------+--------+--------+--------+-----+--------+
         Total |  34621 |  33197 |   1424 |   4250 |  21230 |  27 | 1282.3 |
       Dungeon |  18203 |  17417 |    786 |   1800 |  11210 |  14 | 1300.2 |
        Temple |    215 |    215 |      0 |      0 |    209 |   1 |  215.0 |
          Lair |   9531 |   9008 |    523 |    901 |   6512 |   5 | 1906.2 |
        Shoals |   3637 |   3571 |     66 |    941 |   1666 |   3 | 1212.3 |
  Orcish Mines |   2207 |   2160 |     47 |    180 |   1630 |   2 | 1103.5 |
        Bazaar |     75 |     75 |      0 |      0 |      0 |   1 |   75.0 |
       Volcano |    751 |    751 |      0 |    427 |      0 |   1 |  751.0 |
               +--------+--------+--------+--------+--------+-----+--------+

Top non-repeatable levels by time:
Shoals:1: 2734 daAuts
     D:9: 2398 daAuts
  Lair:2: 2312 daAuts
  Lair:4: 2174 daAuts
  Lair:5: 2008 daAuts
    D:13: 1956 daAuts
  Lair:3: 1708 daAuts
     D:5: 1685 daAuts
     D:6: 1618 daAuts
   Orc:2: 1426 daAuts
     D:2: 1371 daAuts
    D:12: 1359 daAuts
    D:11: 1338 daAuts
  Lair:1: 1328 daAuts
     D:7: 1325 daAuts
